 Dungeon Crawl Stone Soup version 0.22-a0-259-gdd11e71 (webtiles) character file.

88 Serpenta the Vexing (level 4, -2/30 HPs)
             Began as a Vampire Enchanter on Mar 6, 2018.
             Killed from afar by an orc wizard (10 damage)
             ... with a puff of flame
             ... on level 3 of the Dungeon.
             The game lasted 00:04:29 (2195 turns).

Serpenta the Vexing (Vampire Enchanter)             Turns: 2195, Time: 00:04:30

Health: -2/30      AC:  2    Str:  7    XL:     4   Next: 29%
Magic:  7/7        EV: 13    Int: 17    God:
Gold:   64         SH:  0    Dex: 15    Spells: 1/7 levels left

rFire    . . .     SeeInvis +   f - +2 dagger (drain)
rCold    + + +     Gourm    .   (no shield)
rNeg     + + +     Faith    .   b - +0 robe
rPois    ∞         Spirit   .   (no helmet)
rElec    .         Reflect  .   (no cloak)
rCorr    .         Harm     +   (no gloves)
MR       .....                  (no boots)
Stlth    +++++.....             h - amulet of harm
HPRegen  0.00/turn              i - ring of poison resistance
MPRegen  0.10/turn              r - ring of protection from cold

@: bloodless, non-regenerating
A: fangs 3, see invisible, unbreathing
a: Bat Form


You were on level 3 of the Dungeon.
You were bloodless.

You visited 1 branch of the dungeon, and saw 3 of its levels.

You collected 64 gold pieces.


Innate Abilities, Weirdness & Mutations

You do not heal naturally.
You are immune to poison.
You have razor-sharp teeth.
You have supernaturally acute eyesight. (SInv)
You can survive without breathing.


   Skills:
 + Level 2.3 Short Blades
 - Level 2.1 Dodging
 + Level 5.4 Stealth
 - Level 2.0 Spellcasting
 * Level 6.2 Hexes


You had one spell level left.
You knew the following spells:

 Your Spells              Type           Power        Failure   Level  Hunger
A - Corona                Hex            ###....      1%          1    #......
B - Ensorcelled Hibernat  Hex/Ice        ##....       9%          2    ###....
C - Confuse               Hex            ###.....     4%          3    ###....

Action                   |  1- 3 |  4- 6 || total
-------------------------+-------+-------++-------
Melee: Dagger            |    74 |    27 ||   101
       Bite              |     1 |       ||     1
 Cast: Corona            |     3 |       ||     3
       Ensorcelled Hiber |    14 |     8 ||    22
  Use: Potion            |     2 |       ||     2
       Scroll            |       |     3 ||     3
 Stab: Sleeping          |    18 |    12 ||    30
Armor: Robe              |    10 |     3 ||    13
Dodge: Dodged            |    36 |    16 ||    52

Inventory:

Hand Weapons
 f - a +2 dagger of draining (weapon)
Missiles
 l - 2 throwing nets (quivered)
Armour
 b - a +0 robe (worn)
Jewellery
 h - an amulet of harm (around neck)
 i - a ring of poison resistance (left hand)
 r - a ring of protection from cold (right hand)
Scrolls
 a - a scroll of identify
 e - a scroll of magic mapping {unknown}
 g - a scroll of fear {unknown}
 j - a scroll of immolation {unknown}
 k - a scroll of amnesia
 p - a scroll of blinking {unknown}
 q - a scroll of remove curse {unknown}
 s - a scroll of teleportation {unknown}
Potions
 c - a potion of mutation
 d - 18 potions of blood
 m - a potion of flight
 n - a potion of curing
 o - 2 potions of lignification

### #..
#.# #.#
#.# #$# #
#.#####.#
#<@)oo..#
####o##.#
#.# #.#
..# .o#
#..# #..#
....


You could see an orc wizard (invisible) and 2 orcs.

Vanquished Creatures
  An adder (D:2)
  An ooze (D:1)
  4 worms (D:2)
  3 dart slugs (D:1)
  An orc (D:3)
  A giant cockroach (D:2)
  10 goblins
  4 hobgoblins (D:2)
  6 jackals (D:2)
  8 kobolds
  A ball python (D:1)
  7 bats
  3 rats (D:2)
50 creatures vanquished.

Vault maps used:
D:1:      lemuel_arrival_funnel
D:2:      first_ration, grunt_ministairs_12
D:3:      chequers_ecumenical_altar_island, kennysheep_generic_room_6,
          uniq_grinder


Message History

The orc wizard seems to speed up.
The orc hits you with a flail.
You bump into the rock wall.
The orc wizard hits you with a dagger. The orc hits you with a flail!
The orc wizard hits you but does no damage.
You completely miss the orc. The orc wizard misses you.
You bump into the rock wall.
The orc wizard hits you but does no damage.
The orc closely misses you.
The orc wizard casts a spell.
The orc wizard blinks!
You bump into the rock wall.
The orc barely misses you.
You bump into the rock wall.
The orc wizard gestures wildly while chanting.
The orc wizard blinks!
The orc wizard misses you. The orc hits you with a flail.
* * * LOW HITPOINT WARNING * * *
You feel less confused.
The orc wizard points at you and mumbles some strange words.
The puff of flame hits you!
You die...

Notes
Turn   | Place    | Note
-------+----------+-------------------------------------------
     0 | D:1      | Serpenta the Vampire Enchanter began the quest for the Orb.
     0 | D:1      | Reached XP level 1. HP: 13/13 MP: 3/3
   179 | D:1      | Reached XP level 2. HP: 19/19 MP: 5/5
   183 | D:1      | Learned a level 2 spell: Ensorcelled Hibernation
   300 | D:1      | Reached skill level 5 in Hexes
   435 | D:1      | Reached skill level 5 in Stealth
   466 | D:1      | Reached XP level 3. HP: 20/24 MP: 6/6
   479 | D:1      | Learned a level 3 spell: Confuse
  1512 | D:2      | Reached skill level 6 in Hexes
  1512 | D:2      | Reached XP level 4. HP: 30/30 MP: 2/7
  2195 | D:3      | Killed from afar by an orc wizard
